 Dungeon Crawl Stone Soup version 0.16-a0-148-g3b84123 (webtiles) character file.

150 Sachiko the Covered (level 5, -1/47 HPs)
             Began as a Minotaur Fighter on Aug 16, 2014.
             Slain by a rat (2 damage)
             ... on Level 3 of the Dungeon.
             The game lasted 00:10:19 (2401 turns).

Sachiko the Covered (Minotaur Fighter)              Turns: 2401, Time: 00:10:19

HP  -1/47        AC  7     Str 22      XL: 5   Next: 10%
MP   2/2         EV  7     Int  5      God:
Gold 104         SH  0     Dex  9      Spells:  0 memorised,  4 levels left

rFire  . . .     SeeInvis .     a - +1 long sword
rCold  . . .     Clarity  .     b - +0 scale mail
rNeg   . . .     rCorr    .     c - +0 shield
rPois  .         rRot     .     (helmet restricted)
rElec  .         Spirit   .     (no cloak)
SustAb .         Warding  .     (no gloves)
rMut   .         Stasis   .     (no boots)
Gourm  .                        (no amulet)
MR     .....                    (no ring)
                                (no ring)

@: confused, not resistant to hostile enchantments, extremely unstealthy
A: retaliatory headbutt, horns 2
a: no special abilities


You were on level 3 of the Dungeon.
You were very hungry.

You visited 1 branch of the dungeon, and saw 3 of its levels.

You collected 104 gold pieces.

Inventory:

Hand weapons
 a - a +1 long sword (weapon)
Missiles
 k - 5 javelins of penetration (quivered)
Armour
 b - a +0 scale mail (worn)
 c - a +0 shield (worn)
Magical devices
 m - a wand of slowing (11)
Comestibles
 d - 2 bread rations
 j - 2 rotting chunks of jackal flesh
 p - a rotting chunk of rat flesh
 r - a meat ration
Scrolls
 h - 2 scrolls of remove curse
 l - 2 scrolls of magic mapping
 n - 2 scrolls of teleportation
 o - a scroll of enchant weapon
Potions
 e - 2 potions of might
 f - a potion of restore abilities
 g - a potion of heal wounds
 i - 3 potions of curing


   Skills:
 * Level 4.4 Fighting
 * Level 3.7 Long Blades
 + Level 4.5 Armour
 + Level 1.6 Dodging
 + Level 4.5 Shields


You had 4 spell levels left.
You didn't know any spells.

Dungeon Overview and Level Annotations

Branches:
Dungeon (3/15)

Altars:
Gozag

Shops:
D:3 *

Annotations:
D:3 Grinder


Innate Abilities, Weirdness & Mutations

You reflexively headbutt those who attack you in melee.
You have a pair of horns on your head.


Message History

Ouch! The rat bites you but does no damage.
Grinder zaps a wand.
You are more confused.
Ouch! The rat barely misses you.
Grinder zaps a wand.
You are more confused.
Ouch! The rat bites you but does no damage.
Grinder rolls his eyes.
Grinder zaps a wand.
You easily resist.
You closely miss the rat. You headbutt the rat.
The rat is heavily wounded.
The rat bites you but does no damage. Grinder hits you.
* * * LOW HITPOINT WARNING * * *
You writhe in agony.
* * * LOW HITPOINT WARNING * * *
Drink which item? (? for menu, Esc to quit)
Okay, then.
You're too confused!
You hit Grinder.
Grinder is lightly wounded.
The rat bites you.
You die...

#....)...#######
#..............#
+........#####.#
#.#.###.## #.#
#.#[###.######.###
#.......##.......#
#..#######.......#
#..# #.....r.##.#
#..# #.....5@...#
#.## ###.#.#.##.#
..###### #.#.#.# #
....[..# #.#.#(#
######.# #.#.#..
#.# #.##### #.#
... #.# . #.#


You could see Grinder and a rat.

Vanquished Creatures
  3 adders (D:2)
  3 gnolls (D:3)
  5 worms
  2 oozes (D:1)
  5 bats
  4 giant cockroaches
  8 goblins
  11 hobgoblins
  4 jackals
  2 quokkas
  A ball python (D:3)
  2 giant geckos
  2 giant newts (D:2)
  9 kobolds
  10 rats
71 creatures vanquished.

Notes
Turn   | Place    | Note
--------------------------------------------------------------
     0 | D:1      | Sachiko, the Minotaur Fighter, began the quest for the Orb.
     0 | D:1      | Reached XP level 1. HP: 19/19 MP: 1/1
   237 | D:1      | Reached XP level 2. HP: 25/27 MP: 1/1
   360 | D:1      | Reached skill level 4 in Armour
   830 | D:2      | Reached XP level 3. HP: 26/33 MP: 2/2
   866 | D:2      | Reached skill level 1 in Dodging
  1154 | D:2      | Reached XP level 4. HP: 40/40 MP: 2/2
  1443 | D:3      | Found an opulent altar of Gozag.
  1447 | D:3      | Found Gozag's Platinum Reserve.
  1629 | D:3      | Gained mutation: Your body is slowly deteriorating. [potion of mutation]
  1629 | D:3      | Gained mutation: You are weak. (Str -2) [potion of mutation]
  1630 | D:3      | Lost mutation: Your body is slowly deteriorating. [potion of cure mutation]
  1630 | D:3      | Lost mutation: You are weak. (Str -2) [potion of cure mutation]
  1886 | D:3      | Reached XP level 5. HP: 47/47 MP: 2/2
  2380 | D:3      | Noticed Grinder
  2400 | D:3      | HP: 1/47 [Grinder (6)]
  2401 | D:3      | Slain by a rat

Action                   |  1- 3 |  4- 6 || total
-------------------------+-------+-------++-------
Melee: Long sword        |   134 |    61 ||   195
Throw: Javelin           |    11 |    10 ||    21
Evoke: Wand              |       |     1 ||     1
  Use: Scroll            |     6 |       ||     6
       Potion            |     1 |     4 ||     5
  Eat: Chunk             |     1 |     3 ||     4
